 Dungeon Crawl Stone Soup version 0.29-a0-994-gc5c9f59d18 (webtiles) character file.

Game seed: 4303670516598071024

98 Asher535 the Trooper (level 4, -7/41 HPs)
             Began as a Hill Orc Fighter on Aug 3, 2022.
             Killed by divine providence
             ... invoked by an orc priest
              (15 damage)
             ... on level 3 of the Dungeon.
             The game lasted 00:03:59 (1966 turns).

Asher535 the Trooper (Hill Orc Fighter)             Turns: 1966, Time: 00:03:59

Health: -7/41      AC:  9    Str: 20    XL:     4   Next: 69%
Magic:  4/4        EV:  9    Int:  8    God:
Gold:   93         SH:  4    Dex: 10    Spells: 3/3 levels left

rFire   . . .      SeeInvis .   m - +2 hammer (vorpal)
rCold   . . .      Faith    .   c - +0 buckler
rNeg    . . .      Spirit   .   b - +0 scale mail
rPois   .          Reflect  .   (no helmet)
rElec   .          Harm     .   q - +0 cloak
rCorr   .          Rampage  .   (no gloves)
Will    .....                   i - +0 pair of boots
Stlth   ..........              (no amulet)
HPRegen 0.13/turn               (no ring)
MPRegen 0.09/turn               (no ring)

@: no status effects
A: no striking features
a: Convert to Beogh


You were on level 3 of the Dungeon.
You visited 1 branch of the dungeon, and saw 3 of its levels.

You collected 93 gold pieces.

Inventory:

Hand Weapons
 a - a +0 war axe
 m - a +2 vorpal hammer (weapon)
 p - a +2 quarterstaff of chaos
Armour
 b - a +0 scale mail (worn)
 c - a +0 buckler (worn)
 i - a +0 pair of boots (worn)
 q - a +0 cloak (worn)
Magical Staves
 s - a staff of fire
Wands
 r - a wand of roots (4)
Scrolls
 e - a scroll of identify {unknown}
 f - 2 scrolls of fear {unknown}
 j - 3 scrolls of vulnerability {unknown}
 k - a scroll of teleportation {unknown}
 l - 3 scrolls of amnesia {unknown}
 n - a scroll of butterflies {unknown}
Potions
 d - a potion of might
 g - a potion of curing {unknown}
 h - 3 potions of attraction {unknown}
 o - a potion of brilliance {unknown}


   Skills:
 + Level 4.3 Fighting
 + Level 3.8(4.0) Axes
 * Level 1.2(2.4) Maces & Flails
 + Level 4.0 Armour
 + Level 4.0 Shields


You had 3 spell levels left.
You didn't know any spells.
Your spell library was empty.

Dungeon Overview and Level Annotations

Branches:
Dungeon (3/15)

Altars:
Dithmenos


Message History

You block the bat's attack. You block the bat's attack.
You block the bat's attack. The bat barely misses you.
You sock the bat!
You kill the bat!
The rat bites you but does no damage.
You closely miss the rat. The rat bites you but does no damage.
You hit the rat.
You kill the rat!
No target in view!
h - 3 fuming clear potions (gained 1)
A bat comes into view.
You block the bat's attack.
You hit the bat.
You kill the bat!
Your Shields skill increases to level 4!
No target in view!
You see here a bat corpse.
A hobgoblin comes into view.
The hobgoblin shouts!
An orc priest comes into view. It is wielding a +0 hand axe.
An orc comes into view. It is wielding a +4 hand axe.
An orc priest comes into view. It is wielding a +0 dagger.
The orc shouts!
The orc priest threatens, "By the altar or by the axe, you will meet Beogh!" (press Y on the ability menu to convert to Beogh)
The orc priest shouts! x2; You hear a shout!
An orc priest comes into view. It is wielding a +0 mace.
The orc priest invokes the aid of Beogh against you.
Beogh smites you!
You see here a bat corpse.
The orc priest invokes the aid of Beogh against you.
Beogh smites you!
The orc priest mumbles some strange prayers to Beogh against you.
Beogh smites you!
* * * LOW HITPOINT WARNING * * *
Okay, then.
The orc priest calls down the wrath of Beogh upon you.
Beogh smites you!
You die...

#....##########.P~~~~~~~..
#....# #....P..P..# #....#
........#. #....# ######.
#####....## #. #.........#
#. #.........###### #.
#..............##########
#.
######......†@....oo...(#
#.
#........>.....o...#####.
##########.g..††.....†...
#...............
#...............
#........†......
#...............
########........ #........


You could see 2 orc priests, an orc and a hobgoblin.

Vanquished Creatures
  Crazy Yiuf (D:2)
  4 adders (D:2)
  A worm (D:2)
  An orc (D:3)
  2 endoplasms (D:3)
  2 giant cockroaches
  A goblin (D:3)
  2 hobgoblins (D:3)
  5 kobolds
  3 ball pythons
  5 bats (D:3)
  3 frilled lizards (D:3)
  3 rats (D:3)
33 creatures vanquished.

Notes
Turn   | Place    | Note
-------+----------+-------------------------------------------
     0 | D:1      | Asher535 the Hill Orc Fighter began the quest for the Orb.
     0 | D:1      | Reached XP level 1. HP: 19/19 MP: 1/1
   247 | D:1      | You fall into a shaft and drop 1 floor!
   265 | D:2      | Reached XP level 2. HP: 8/27 MP: 2/2
   748 | D:2      | Found a shadowy altar of Dithmenos.
   856 | D:2      | Found a faded altar of an unknown god.
  1099 | D:2      | Reached XP level 3. HP: 33/33 MP: 3/3
  1366 | D:2      | Found a runed translucent door.
  1367 | D:2      | Noticed Crazy Yiuf
  1565 | D:2      | Killed Crazy Yiuf
  1566 | D:2      | Reached skill level 1 in Maces & Flails
  1566 | D:2      | Reached XP level 4. HP: 30/40 MP: 4/4
  1966 | D:3      | Killed from afar by an orc priest

Illustrated notes

Levels and vault maps discovered:
D:1:      giann_wishing_wells, layout_rooms
D:2:      layout_loops_corners, basic_altar, nicolae_ecumenical_oubliette,
          minmay_misc_feat_ornament, uniq_crazy_yiuf_cottage
D:3:      layout_basic, dreamdust_mushroom_princess, serial_bayou_pond_b

Skill      XL: |  1  2  3  4 |
---------------+-------------+-----
Axes           | 3 |  3.8
Fighting       | 4 |  4.3
Maces & Flails | 1 |  1.2
Armour         | 4 |  4.0
Shields        | 4 |  4.0

Action                   |  1- 3 |  4- 6 || total
-------------------------+-------+-------++-------
Melee: War axe           |    69 |       ||    69
       Mace              |     3 |    33 ||    36
Armor: Scale mail        |    52 |    20 ||    72
Dodge: Dodged            |    30 |    14 ||    44
Block: Buckler           |    18 |    10 ||    28

Table legend: (Time is in decaauts)
 A = Elapsed time spent in this place.
 B = Non-inter-level travel time spent in this place.
 C = Inter-level travel time spent in this place.
 D = Time resting spent in this place.
 E = Time spent auto-exploring this place.
 F = Levels seen in this place.
 G = Mean time per level.
                   A        B        C        D        E       F      G
               +--------+--------+--------+--------+--------+-----+--------+
         Total |   2004 |   1954 |     50 |      0 |   1623 |   3 |  668.0 |
       Dungeon |   2004 |   1954 |     50 |      0 |   1623 |   3 |  668.0 |
               +--------+--------+--------+--------+--------+-----+--------+

Top non-repeatable levels by time:
     D:2: 1476 daAuts
     D:3: 277 daAuts
     D:1: 251 daAuts
